 Dungeon Crawl Stone Soup version 0.21.0-3-g78d12a8 (webtiles) character file.

11095 magipi the Distorting Merfolk (level 11, -6/89 HPs)
             Began as a Merfolk Abyssal Knight on Jan 12, 2018.
             Was a Believer of Lugonu.
             Mangled by an orc knight
             ... wielding a +0 battleaxe
              (20 damage)
             ... on level 10 of the Dungeon.
             The game lasted 01:03:46 (19408 turns).

magipi the Distorting Merfolk (MfAK)               Turns: 19408, Time: 01:03:47

Health: -6/89      AC: 17    Str: 14    XL:     11   Next: 72%
Magic:  19/19      EV: 12    Int: 12    God:    Lugonu [**....]
Gold:   384        SH:  0    Dex: 19    Spells: 10/10 levels left

rFire    . . .     SeeInvis .   b - +0 trident
rCold    . . .     Gourm    .   (no shield)
rNeg     . . .     Faith    .   E - +4 ring mail
rPois    .         Spirit   .   y - +1 hat
rElec    .         Reflect  .   e - +1 cloak
rCorr    .         Harm     .   g - +1 pair of gloves
MR       .....                  w - +0 pair of boots
Stlth    +.........             B - amulet of rage
HPRegen  0.24/turn              D - +4 ring of dexterity
MPRegen  0.16/turn              (no ring)

@: berserk cooldown, very slightly contaminated, slowed, very slow
A: change form in water, swift swim, stealthy swim
a: Depart the Abyss, Bend Space, Renounce Religion, Evoke Berserk Rage


You were on level 10 of the Dungeon.
You worshipped Lugonu.
Lugonu was pleased with you.
You were not hungry.

You visited 2 branches of the dungeon, and saw 12 of its levels.
You visited the Abyss 1 time.

You collected 594 gold pieces.
You spent 210 gold pieces at shops.

Inventory:

Hand Weapons
 a - a +1 spear
 b - a +0 trident (weapon)
   (You took it off an orc on level 10 of the Dungeon)
Missiles
 t - 2 throwing nets
 u - 3 javelins of penetration
 H - 2 curare-tipped needles
 I - 3 javelins (quivered)
Armour
 e - a +1 cloak (worn)
   (You took it off Crazy Yiuf on level 2 of the Dungeon)
 g - a +1 pair of gloves (worn)
   (You found it on level 5 of the Dungeon)
 w - a +0 pair of boots (worn)
   (You found it on level 2 of the Dungeon)
 y - a +1 hat (worn)
   (You bought it in a shop on level 6 of the Dungeon)
 E - a +4 ring mail (worn)
   (You took it off an orc priest on level 10 of the Dungeon)
Jewellery
 h - an uncursed ring of ice
   (You found it on level 2 of the Dungeon)
 B - an amulet of rage (around neck)
   (You found it on level 9 of the Dungeon)
 D - a +4 ring of dexterity (left hand)
   (You found it on level 9 of the Dungeon)
Wands
 z - a wand of scattershot (1)
   (You found it on level 11 of the Dungeon)
 A - a wand of random effects (18)
   (You found it on level 10 of the Dungeon)
 C - a wand of flame (28)
   (You found it on level 9 of the Dungeon)
Scrolls
 d - 6 scrolls of teleportation
 j - 5 scrolls of identify
 l - 3 scrolls of magic mapping
 m - 5 scrolls of remove curse
Potions
 f - a potion of heal wounds
 i - a potion of lignification
 k - 4 potions of curing
 n - a potion of cancellation
 q - 2 potions of haste
 r - 2 potions of mutation
 F - 2 potions of flight
Books
 o - a book of Maledictions
   (You found it on level 3 of the Dungeon)

   Spells                             Type                      Level
   a - Corona                         Hexes                        1
   b - Ensorcelled Hibernation        Hexes/Ice                    2
   c - Confuse                        Hexes                        3
   d - Tukima's Dance                 Hexes                        3
   e - Dazzling Spray                 Conjuration/Hexes            3
 s - a book of Minor Magic
   (You found it on level 4 of the Dungeon)

   Spells                             Type                      Level
   a - Magic Dart                     Conjuration                  1
   b - Blink                          Translocation                2
   c - Call Imp                       Summoning                    2
   d - Slow                           Hexes                        2
   e - Conjure Flame                  Conjuration/Fire             3
   f - Mephitic Cloud                 Conjuration/Poison/Air       3
 v - a book of Misfortune
   (You found it on level 6 of the Dungeon)

   Spells                             Type                      Level
   a - Confusing Touch                Hexes                        1
   b - Confuse                        Hexes                        3
   c - Gell's Gravitas                Translocation                3
   d - Petrify                        Transmutation/Earth          4
   e - Metabolic Englaciation         Hexes/Ice                    5
   f - Yara's Violent Unravelling     Hexes/Transmutation          5
 x - a book of Frost
   (You found it on level 7 of the Dungeon)

   Spells                             Type                      Level
   a - Freeze                         Ice                          1
   b - Throw Frost                    Conjuration/Ice              2
   c - Ozocubu's Armour               Charms/Ice                   3
   d - Throw Icicle                   Conjuration/Ice              4
   e - Summon Ice Beast               Ice/Summoning                4
Comestibles
 c - 13 rations


   Skills:
 + Level 9.6 Fighting
 - Level 10.0 Polearms
 + Level 6.3 Throwing
 + Level 6.3 Armour
 - Level 2.6 Dodging
 + Level 11.6 Invocations


You had 10 spell levels left.
You didn't know any spells.

Dungeon Overview and Level Annotations

Branches:
Dungeon (11/15)            Temple (0/1) D:6            Lair (0/6) D:10
    Orc (1/2) D:10

Altars:
Cheibriados
Dithmenos
Fedhas
Kikubaaqudgha
Okawaru
Qazlal
Ru
The Shining One
Beogh

Shops:
D:6 [   D:11 *

Annotations:
D:3 Eustachio
D:4 Ripsaw's ghost, amateur DgWr
D:9 Vodalian's ghost, novice MiBe
Abyss:1 Erica; Erolcha; Fannar; Harold


Message History

The orc no longer looks unusually strong.
There is a stone staircase leading up, spattered with blood here.
You fail to use your ability.
You fail to use your ability.
The orc knight hits you with a battleaxe.
A red film seems to cover your vision as you go berserk!
You feel yourself moving faster!
You feel mighty!
You are starving!
The orc knight hits you with a battleaxe.
You hit the orc knight but do no damage.
You puncture the orc knight!
The orc knight is lightly wounded.
You hit the orc knight but do no damage.
The orc knight is lightly wounded.
The orc knight hits you with a battleaxe!
Your ring mail prevents you from hitting the orc knight.
The orc knight is lightly wounded.
You puncture the orc knight!
The orc knight is moderately wounded.
The orc knight roars a battlecry!
The orc goes into a battle-frenzy!
You barely miss the orc knight.
The orc knight is moderately wounded.
You barely miss the orc knight.
The orc knight is moderately wounded.
The orc knight completely misses you.
You puncture the orc knight!
The orc knight is heavily wounded.
You closely miss the orc knight.
The orc knight is heavily wounded.
You hit the orc knight.
The orc knight is heavily wounded.
The orc knight hits you with a battleaxe!
You barely miss the orc knight.
The orc knight is heavily wounded.
You closely miss the orc knight.
The orc knight is heavily wounded.
The orc knight hits you with a battleaxe!!
You hit the orc knight but do no damage.
The orc knight is heavily wounded.
You puncture the orc knight!
The orc knight is severely wounded.
The orc knight completely misses you.
You hit the orc knight but do no damage.
The orc knight is severely wounded.
You barely miss the orc knight.
The orc knight is severely wounded.
You barely miss the orc knight.
The orc knight is severely wounded.
You hit the orc knight but do no damage.
The orc knight is severely wounded.
The orc knight hits you with a battleaxe.
You hit the orc knight but do no damage.
The orc knight is severely wounded.
The orc hits you with a short sword!
* * * LOW HITPOINT WARNING * * *
Unknown command.
You hit the orc knight.
The orc knight is severely wounded.
The orc knight hits you with a battleaxe!
* * * LOW HITPOINT WARNING * * *
You hit the orc knight but do no damage.
The orc knight is severely wounded.
The orc hits you but does no damage.
Unknown command.
You puncture the orc knight!
The orc knight is severely wounded.
Unknown command.
You closely miss the orc knight.
The orc knight is severely wounded.
The orc knight hits you with a battleaxe!
* * * LOW HITPOINT WARNING * * *
The orc barely misses you.
You barely miss the orc knight.
The orc knight is severely wounded.
You are no longer berserk.
You are exhausted.
You feel yourself slow down.
Unknown command.
Blink to where?
Press: ? - help, Dir - move target cursor, p - orc knight You are very lightly contaminated with residual magic.
As you read the scroll of blinking, it crumbles to dust.
Evoke which item? (* to show all) (? for menu, Esc to quit)
Okay, then.
Unknown command.
You eat one of the 14 rations.
That ration really hit the spot!
The orc no longer looks unusually strong.
The orc knight roars a battlecry!
The orc goes into a battle-frenzy!
Unknown command.
Evoke which item? (* to show all) (? for menu, Esc to quit)
Aiming: Cloud Cone
Press: ? - help, Dir - move target cursor, f - orc knight
Aim: an orc knight, wielding a battleaxe and wearing a plate armour (severely wounded)
You create a blast of poison gas!
The now-empty wand crumbles to dust.
The orc knight is engulfed in poison gas.
The orc knight is poisoned.
The orc knight hits you with a battleaxe!!
You die...

#..# ###.# #.# #.## #.#
#.### #.# #.# #...# #.#
#.# ###.# #.# #.# #.#
#.# #.# #[### #.# #.#
#...# #.# #.# ###..
#@######.#######..
#o#...............
####§#.####..........
#..§o§.# ##........#
#..§§§#####...#[####.
####....o.o....<).#..
#.#..##..:#.)#....
#...........##..##
######....#####.....###


You could see an orc knight and an orc.

Vanquished Creatures
  Urug (D:11)
  An unseen horror (D:11)
  Pikel (D:4)
  An ugly thing (D:11)
  A cyclops (D:11)
  Joseph (D:7)
  A queen bee (D:10)
  Prince Ribbit (D:6)
  A troll (D:11)
  Grinder (D:6)
  2 hippogriffs (D:10)
  A meliai zombie (D:11)
  A shadow (D:11)
  A wyvern (D:10)
  A yak (D:10)
  2 hungry ghosts
  Menkaure (D:4)
  A water moccasin (D:11)
  3 orc warriors
  4 sky beasts
  An ice beast (D:11)
  2 slaves (D:4)
  3 black bears
  A phantom (D:8)
  4 ogres
  3 centaurs
  3 crocodiles
  A bullfrog (D:9)
  3 scorpions
  19 killer bees
  8 wights
  2 howler monkeys
  2 vampire bats (D:8)
  2 centaur zombies
  5 crimson imps
  2 jellies (D:11)
  8 orc priests
  Crazy Yiuf (D:2)
  3 bullfrog skeletons
  2 hounds (D:10)
  A centaur skeleton (D:8)
  8 orc wizards
  An iguana (D:5)
  5 worker ants
  A killer bee zombie (D:7)
  2 hound zombies
  2 hound skeletons
  4 gnolls
  9 adders
  3 shadow imps
  A white imp (D:8)
  An ooze (D:4)
  2 adder skeletons
  An adder zombie (D:6)
  2 worms
  4 dart slugs
  2 leopard geckos
  30 orcs
  6 bats
  A bat skeleton (D:8)
  3 bat zombies (D:8)
  4 giant cockroaches
  10 goblins
  8 hobgoblins
  9 jackals
  3 quokkas
  A ball python (D:1)
  9 frilled lizards
  2 goblin skeletons (D:8)
  4 hobgoblin zombies (D:8)
  A jackal skeleton (D:6)
  4 kobolds
  A kobold zombie (D:8)
  A leopard gecko zombie (D:5)
  3 orc zombies (D:8)
  A quokka zombie (D:5)
  5 rats
257 creatures vanquished.

Vanquished Creatures (others)
  A troll (D:11)
  2 slaves (D:4)
  An ogre (D:11)
  A crimson imp (D:4)
  4 toadstools (D:1)
9 creatures vanquished.

Grand Total: 266 creatures vanquished

Notes
Turn   | Place    | Note
-------+----------+-------------------------------------------
     0 | Abyss:1  | magipi the Merfolk Abyssal Knight began the quest for the Orb.
     0 | Abyss:1  | Reached XP level 1. HP: 18/18 MP: 2/2
    45 | Abyss:1  | Noticed a starcursed mass
    80 | Abyss:1  | Noticed a large abomination
    86 | D:1      | Escaped the Abyss
   171 | D:1      | Reached XP level 2. HP: 22/24 MP: 3/3
   322 | D:1      | Reached * piety under Lugonu
   401 | D:1      | Reached XP level 3. HP: 20/29 MP: 5/5
   560 | D:1      | Reached skill level 3 in Invocations
  1148 | D:2      | Reached XP level 4. HP: 14/35 MP: 6/6
  1499 | D:2      | Reached skill level 5 in Polearms
  1997 | D:2      | Found a runed door.
  2001 | D:2      | Noticed Crazy Yiuf
  2782 | D:2      | Killed Crazy Yiuf
  2782 | D:2      | Reached skill level 4 in Invocations
  3173 | D:2      | Reached XP level 5. HP: 41/41 MP: 8/8
  3628 | D:3      | Found a shadowy altar of Dithmenos.
  3704 | D:3      | Reached ** piety under Lugonu
  4015 | D:3      | Reached XP level 6. HP: 36/47 MP: 9/9
  4684 | D:4      | Reached skill level 5 in Invocations
  4702 | D:4      | Noticed a slave
  4703 | D:4      | Noticed Ripsaw's ghost (amateur DgWr)
  4810 | D:4      | Killed a slave
  5024 | D:4      | Noticed a slave
  5027 | D:4      | Noticed Pikel
  5033 | D:4      | Noticed a slave
  5034 | D:4      | Noticed a slave
  5044 | D:4      | Killed a slave
  5050 | D:4      | Killed Pikel
  5050 | D:4      | Reached skill level 6 in Invocations
  5050 | D:4      | Reached XP level 7. HP: 32/52 MP: 9/11
  5227 | D:4      | Noticed Menkaure
  5230 | D:4      | Killed Menkaure
  5388 | D:4      | Noticed Eustachio
  5640 | D:3      | Found a stormy altar of Qazlal.
  5837 | D:5      | Entered Level 5 of the Dungeon
  6256 | D:5      | Reached skill level 7 in Invocations
  6256 | D:5      | Reached XP level 8. HP: 58/58 MP: 13/13
  7494 | D:6      | Reached skill level 10 in Polearms
  7558 | D:6      | Found a staircase to the Ecumenical Temple.
  7664 | D:6      | Found Apuottiz's Antique Armour Shoppe.
  7916 | D:6      | Noticed Grinder
  7939 | D:6      | Paralysed by Grinder for 6 turns
  7949 | D:6      | Killed Grinder
  7949 | D:6      | Reached skill level 1 in Armour
  7965 | D:6      | Noticed Prince Ribbit
  8135 | D:6      | Reached skill level 8 in Invocations
  8777 | D:6      | Killed Prince Ribbit
  8777 | D:6      | Reached skill level 5 in Fighting
  8777 | D:6      | Reached XP level 9. HP: 56/68 MP: 15/15
  9090 | D:7      | Reached *** piety under Lugonu
  9099 | D:7      | Found a sacrificial altar of Ru.
  9262 | D:7      | Reached skill level 9 in Invocations
  9507 | D:7      | Noticed Joseph
  9531 | D:7      | Killed Joseph
  9708 | D:8      | Noticed Erica
  9714 | D:8      | Banished Erica
  9795 | D:8      | You fall through a shaft for 3 floors!
  9815 | D:10     | Entered Level 10 of the Dungeon
  9818 | D:10     | Found a staircase to the Lair.
 10196 | D:10     | Reached skill level 1 in Throwing
 10201 | D:10     | Reached XP level 10. HP: 59/79 MP: 17/17
 10432 | D:10     | Reached skill level 10 in Invocations
 10837 | D:10     | Found a staircase to the Orcish Mines.
 10949 | D:8      | Found an iron altar of Okawaru.
 11107 | D:8      | Found a snail-covered altar of Cheibriados.
 11159 | D:8      | Found a blossoming altar of Fedhas.
 11258 | D:8      | Found a glowing golden altar of the Shining One.
 11602 | D:8      | Found an ancient bone altar of Kikubaaqudgha.
 12157 | D:9      | Noticed Vodalian's ghost (novice MiBe)
 14047 | D:10     | Reached skill level 5 in Armour
 14435 | D:10     | Found a roughly hewn altar of Beogh.
 15446 | D:10     | Noticed Erolcha
 15829 | D:10     | Noticed Fannar
 15847 | D:10     | Banished Fannar
 15847 | D:10     | Reached XP level 11. HP: 87/87 MP: 10/19
 16126 | D:6      | Bought an embroidered hat for 210 gold pieces
 16259 | D:10     | Found a staircase to the Lair.
 16338 | D:10     | Found a staircase to the Orcish Mines.
 16342 | D:10     | Found a roughly hewn altar of Beogh.
 16654 | D:11     | Killed an unseen horror
 16654 | D:11     | Reached skill level 5 in Throwing
 16654 | D:11     | Reached skill level 11 in Invocations
 16960 | D:11     | Found Pauvuciu's General Store.
 16976 | D:11     | Noticed a purple ugly thing
 17001 | D:11     | Killed a purple ugly thing
 17511 | D:10     | Banished Erolcha
 17924 | D:11     | Noticed Harold
 17930 | D:11     | Banished Harold
 17963 | D:11     | Noticed Urug
 18009 | D:11     | Killed Urug
 18187 | D:11     | Noticed a cyclops
 18200 | D:11     | Killed a cyclops
 18960 | Orc:1    | Entered Level 1 of the Orcish Mines
 19308 | Orc:1    | Noticed an orc knight
 19408 | D:10     | Mangled by an orc knight

Skill      XL: |  1  2  3  4  5  6  7  8  9 10 11 |
---------------+----------------------------------+-----
Polearms       | 4 5 6 8 9 10 | 10.0
Invocations    | 3 4 6 7 8 9 10 11 | 11.6
Armour         | 2 4 5 6 |  6.3
Fighting       | 5 7 8 9 |  9.6
Throwing       | 2 4 6 |  6.3
Dodging        | |  2.6

Action                   |  1- 3 |  4- 6 |  7- 9 | 10-12 || total
-------------------------+-------+-------+-------+-------++-------
Melee: Spear             |   138 |   275 |   527 |   634 ||  1574
       Trident           |       |       |       |   398 ||   398
Invok: Depart the Abyss  |     1 |       |       |       ||     1
       Banish            |       |       |     1 |    16 ||    17
 Abil: Evoke Berserk Rag |       |       |       |     7 ||     7
Evoke: Wand              |       |     1 |     2 |    10 ||    13
  Use: Potion            |       |     3 |     2 |     2 ||     7
       Scroll            |       |     9 |     8 |     5 ||    22
 Stab: Sleeping          |     2 |     2 |       |       ||     4
       Confused          |       |     3 |       |     5 ||     8
  Eat: Chunk             |     1 |     8 |    10 |    17 ||    36
       Ration            |       |     1 |     2 |    11 ||    14
Armor: Leather armour    |    19 |    19 |       |       ||    38
       Ring mail         |       |    18 |   109 |   112 ||   239
       Chain mail        |       |       |    17 |   300 ||   317
Dodge: Dodged            |    50 |    63 |   169 |   290 ||   572

Action                   |  1- 3 |  4- 6 |  7- 9 | 10-12 || total
-------------------------+-------+-------+-------+-------++-------
Melee: Spear             |   138 |   275 |   527 |   634 ||  1574
       Trident           |       |       |       |   398 ||   398
Invok: Depart the Abyss  |     1 |       |       |       ||     1
       Banish            |       |       |     1 |    16 ||    17
 Abil: Evoke Berserk Rag |       |       |       |     7 ||     7
Evoke: Wand              |       |     1 |     2 |    10 ||    13
  Use: Potion            |       |     3 |     2 |     2 ||     7
       Scroll            |       |     9 |     8 |     5 ||    22
 Stab: Sleeping          |     2 |     2 |       |       ||     4
       Confused          |       |     3 |       |     5 ||     8
  Eat: Chunk             |     1 |     8 |    10 |    17 ||    36
       Ration            |       |     1 |     2 |    11 ||    14
Armor: Leather armour    |    19 |    19 |       |       ||    38
       Ring mail         |       |    18 |   109 |   112 ||   239
       Chain mail        |       |       |    17 |   300 ||   317
Dodge: Dodged            |    50 |    63 |   169 |   290 ||   572
